 Dungeon Crawl Stone Soup version 0.17.0-28-g6e173f8 (webtiles) character file.

4672 HAWKINGL3623 the Shield-Bearer (level 10, -11/92 HPs)
             Began as a Deep Dwarf Fighter on Dec 2, 2015.
             Was an Initiate of Cheibriados.
             Mangled by a gargoyle
             ... wielding a +0 flail
              (14 damage)
             ... on level 10 of the Dungeon.
             The game lasted 01:13:06 (7240 turns).

HAWKINGL3623 the Shield-Bearer (Deep Dwarf Fighter) Turns: 7240, Time: 01:13:06

Health: -11/92     AC: 11    Str: 24    XL:     10   Next: 21%
Magic:  7/7        EV: 11    Int: 10    God:    Cheibriados [......]
Gold:   552        SH: 11    Dex: 13    Spells: 0 memorised, 13 levels left

rFire  + . .     SeeInvis +     a - +0 long sword
rCold  x . .     Clarity  .     b - +1 scale mail
rNeg   . . .     SustAt   .     c - +0 shield
rPois  .         Gourm    .     E - +1 helmet {SInv}
rElec  .         Spirit   .     (no cloak)
rCorr  .         Warding  .     (no gloves)
rMut   .         Stasis   .     (no boots)
MR     +....                    (no amulet)
Stlth  +.........               (no ring)
                                t - ring of fire

@: non-regenerating, very slow, somewhat resistant to hostile enchantments, very
unstealthy
A: damage resistance, recharge devices, sense surroundings 2, slow regeneration
3
a: Device Recharging, Bend Time, Renounce Religion


You were on level 10 of the Dungeon.
You worshipped Cheibriados.
Cheibriados was noncommittal.
You were not hungry.

You visited 1 branch of the dungeon, and saw 8 of its levels.
You also visited: Ossuary and Bailey.

You collected 642 gold pieces.
You spent 90 gold pieces at shops.

Inventory:

Hand Weapons
 a - a +0 long sword (weapon)
 y - a +0 blowgun
Missiles
 l - 6 javelins of returning (quivered)
 n - 24 poisoned needles
 G - 2 javelins
Armour
 b - a +1 scale mail (worn)
 c - a +0 shield (worn)
 h - the +1 robe of Hadjma {MR+ Regen+ Str+3}
   (You found it on level 5 of the Dungeon)

   It affects your strength (+3).
   It affects your resistance to hostile enchantments.
   It increases your rate of regeneration.
 C - a +0 pair of boots
 D - a +0 helmet
 E - a +1 helmet of see invisible (worn)
 L - a cursed +0 scale mail
Jewellery
 t - a ring of fire (left hand)
 B - an uncursed amulet of resist mutation
Wands
 e - a wand of heal wounds (3)
 q - a wand of digging (12)
 K - a wand of magic darts (31)
Scrolls
 m - a scroll of fog
 r - 3 scrolls of remove curse
 z - 3 scrolls of amnesia
 A - 4 scrolls of identify
Potions
 d - 2 potions of might
 g - 3 potions of agility
 i - 3 potions of cancellation
 j - 4 potions of brilliance
 k - 4 potions of curing
 s - a potion of cure mutation
 v - a potion of berserk rage
 F - a potion of invisibility {unknown}
 I - a potion of magic {unknown}
Books
 x - a book of Dreams

   Spells                             Type                      Level
   a - Ensorcelled Hibernation        Hexes/Ice                    2
   b - Phase Shift                    Translocation                5
   c - Shadow Creatures               Summoning                    5
   d - Silence                        Hexes/Air                    5
   e - Darkness                       Hexes                        6
   f - Mass Confusion                 Hexes                        6
Comestibles
 f - 4 bread rations
 p - 2 meat rations


   Skills:
 + Level 6.7 Fighting
 + Level 6.8 Long Blades
 + Level 4.8 Throwing
 + Level 7.1 Armour
 + Level 6.0 Dodging
 + Level 3.9 Stealth
 + Level 7.9 Shields
 + Level 2.6 Unarmed Combat
 + Level 2.3 Spellcasting
 + Level 4.0 Invocations
 + Level 4.2 Evocations


You had 13 spell levels left.
You didn't know any spells.

Dungeon Overview and Level Annotations

Branches:
Dungeon (10/15)            Temple (0/1) D:5             Orc (0/4) D:10
   Lair: D:8-11

Altars:
Cheibriados
Elyvilon
Makhleb
Okawaru
Ru
Trog
Vehumet
Xom
Zin


Innate Abilities, Weirdness & Mutations

You are resistant to damage.
You can recharge devices by infusing magical energy.
You passively map the area around you.
You do not regenerate naturally.


Message History

You block the troll's attack. The troll claws you but does no damage.
The troll claws you!
* * * LOW HITPOINT WARNING * * *
Zapping:
e - a wand of heal wounds (1)
Press: ? - help, Shift-Dir - straight line, f - you You feel much better.
This wand has 0 charges left.
You block the gargoyle's attack. The ogre barely misses you.
The troll bites you! You block the troll's attack. The troll barely misses you.
You completely miss the gargoyle.
The gargoyle is severely damaged.
You block the troll's attack. The troll claws you but does no damage.
The troll claws you. The gargoyle hits you with a flail!
* * * LOW HITPOINT WARNING * * *
The ogre hits you with a giant club!!
* * * LOW HITPOINT WARNING * * *
Charge which item? (? for menu, Esc to quit)
Your wand of heal wounds (0) glows for a moment and now has 3 charges.
The troll closely misses you. You block the troll's attack.
You block the troll's attack. The gargoyle hits you with a flail!
You die...

...#...#..... ..# , *
...#...# ##.*..., * ,
####...# * *#.# ##* ,
, , #...# , ...,,.., ,
,,, *
#...########.##.### ,
,, *
#................. ,*
#..##...####.##.### *
#............†....# *
* #.###...####.@#.#.#
*
#...........T9O.....#
, ,
*#############.#.#####
** * , ,, , ...... **
* * * , ##..### , , ,
.>. * , **, *#..# <,
,, , .. *, , ,, ,, **
* ** *,


You could see a troll, a gargoyle and an ogre.

Vanquished Creatures
  The ghost of ces the Sneak, a novice DsAr of Dithmenos (D:7)
  The ghost of GeneralIdiocy the Reanimator, a novice DsNe (D:5)
  Grinder (D:6)
  The ghost of Bolverk the Cutter, an amateur KoBe of Trog (D:3)
  2 wraiths (Ossuary)
  A hungry ghost (D:10)
  Menkaure (D:5)
  6 orc warriors (Bailey)
  2 ice beasts
  A water moccasin (D:7)
  4 centaurs (Bailey)
  3 ogres
  A giant frog (D:6)
  A jelly (D:7)
  A scorpion (D:4)
  2 wights (Ossuary)
  4 crimson imps
  7 orc wizards
  2 giant frog zombies
  Ijyb (D:3)
  4 orc priests
  A centaur skeleton (D:10)
  3 hounds
  Terence (D:3)
  3 iguanas
  Natasha (twice) (D:3)
  6 worker ants
  Robin (D:3)
  4 gnolls (D:3)
  An adder (D:2)
  4 adder zombies
  2 worms
  2 giant geckos (D:10)
  39 orcs
  7 giant cockroaches
  6 hobgoblins
  19 jackals
  9 kobolds
  3 quokkas (D:3)
  3 ball pythons
  A ball python skeleton (Ossuary)
  8 bats
  A giant gecko zombie (D:6)
  6 giant newts
  24 goblins
  A hobgoblin skeleton (Ossuary)
  A kobold zombie (Ossuary)
  4 orc skeletons (Ossuary)
  A quokka skeleton (D:6)
  10 rats
220 creatures vanquished.

Vanquished Creatures (others)
  A sky beast (D:10)
  Natasha (D:3)
2 creatures vanquished.

Grand Total: 222 creatures vanquished

Notes
Turn   | Place    | Note
--------------------------------------------------------------
     0 | D:1      | HAWKINGL3623 the Deep Dwarf Fighter began the quest for the Orb.
     0 | D:1      | Reached XP level 1. HP: 20/20 MP: 1/1
   185 | D:1      | Reached XP level 2. HP: 25/27 MP: 2/2
  1034 | D:2      | Reached XP level 3. HP: 26/34 MP: 3/3
  1191 | D:2      | Found a white marble altar of Elyvilon.
  1194 | D:2      | Became a worshipper of Elyvilon the Healer
  1686 | D:3      | Found an iron altar of Okawaru.
  1776 | D:3      | Reached skill level 4 in Shields
  1872 | D:3      | Noticed Ijyb
  1901 | D:3      | Killed Ijyb
  1901 | D:3      | Reached skill level 1 in Dodging
  1901 | D:3      | Reached XP level 4. HP: 40/42 MP: 4/4
  2050 | D:3      | Reached * piety under Elyvilon
  2102 | D:3      | Noticed Natasha
  2108 | D:3      | Killed Natasha
  2108 | D:3      | Reached XP level 5. HP: 33/49 MP: 5/5
  2130 | D:3      | Killed Natasha
  2131 | D:3      | Noticed Natasha
  2140 | D:3      | Killed Natasha
  2250 | D:3      | Reached skill level 5 in Fighting
  2250 | D:3      | Reached skill level 5 in Long Blades
  2250 | D:3      | Reached skill level 5 in Armour
  2250 | D:3      | Reached skill level 5 in Shields
  2250 | D:3      | Reached XP level 6. HP: 37/61 MP: 5/9
  2368 | D:3      | Noticed Robin
  2382 | D:3      | Killed Robin
  2418 | D:3      | Found a radiant altar of Vehumet.
  2467 | D:3      | Noticed Bolverk's ghost (amateur KoBe)
  2479 | D:3      | Killed Bolverk's ghost
  2479 | D:3      | Reached skill level 6 in Shields
  2479 | D:3      | Reached XP level 7. HP: 61/68 MP: 10/10
  2592 | D:3      | Found a sacrificial altar of Ru.
  2605 | D:3      | Noticed Terence
  2615 | D:3      | Killed Terence
  3052 | D:4      | Found a shimmering altar of Xom.
  3052 | D:4      | Found a burning altar of Makhleb.
  3110 | D:4      | Reached ** piety under Elyvilon
  3133 | D:4      | Found a sand-covered staircase.
  3151 | Ossuary  | Entered an ossuary
  3322 | Ossuary  | Noticed a flying skull
  3322 | Ossuary  | Noticed a wraith
  3331 | Ossuary  | Noticed a flying skull
  3342 | Ossuary  | Noticed a flying skull
  3351 | Ossuary  | Noticed a flying skull
  3395 | Ossuary  | Noticed a wraith
  3404 | Ossuary  | Killed a wraith
  3412 | Ossuary  | Noticed a flying skull
  3417 | Ossuary  | Noticed a wraith
  3428 | Ossuary  | Killed a wraith
  3428 | Ossuary  | Reached XP level 8. HP: 46/76 MP: 11/11
  4072 | D:5      | Entered Level 5 of the Dungeon
  4129 | D:5      | Noticed GeneralIdiocy's ghost (novice DsNe)
  4166 | D:5      | Killed GeneralIdiocy's ghost
  4189 | D:5      | Got a distressingly furry robe
  4195 | D:5      | Identified the +1 robe of Hadjma {MR+ Regen+ Str+3} (You found it on level 5 of the Dungeon)
  4275 | D:5      | Reached skill level 5 in Dodging
  4478 | D:5      | Noticed Menkaure
  4496 | D:5      | Killed Menkaure
  4584 | D:5      | Found a staircase to the Ecumenical Temple.
  4712 | D:6      | Noticed Grinder
  4712 | D:6      | Paralysed by Grinder for 2 turns
  4738 | D:6      | Killed Grinder
  4738 | D:6      | Gained mutation: You passively map the area around you. [Deep Dwarf growth]
  4738 | D:6      | Reached XP level 9. HP: 71/82 MP: 11/11
  5038 | D:2      | Found a faded altar to an unknown god.
  5220 | D:6      | Reached skill level 7 in Shields
  5614 | D:6      | Was placed under penance by Elyvilon
  5834 | D:7      | Found Zin's Purification Station.
  5835 | D:7      | Found a glowing silver altar of Zin.
  5840 | D:7      | Bought a potion of curing for 90 gold pieces
  5872 | D:7      | Found a flagged portal.
  5911 | Bailey   | Entered a bailey
  6731 | D:7      | Found a bloodstained altar of Trog.
  6819 | D:7      | Was forgiven by Elyvilon
  6854 | D:7      | Found a snail-covered altar of Cheibriados.
  6860 | D:7      | Noticed ces's ghost (novice DsAr)
  6877 | D:7      | Killed ces's ghost
  6877 | D:7      | Reached XP level 10. HP: 45/92 MP: 9/9
  6899 | D:7      | Fell from the grace of Elyvilon
  6899 | D:7      | Became a worshipper of Cheibriados the Contemplative
  7017 | D:7      | You fall through a shaft for 3 floors!
  7017 | D:10     | Entered Level 10 of the Dungeon
  7239 | D:10     | HP: 3/92 [ogre/giant club (18)]
  7240 | D:10     | Mangled by a gargoyle

Action                   |  1- 3 |  4- 6 |  7- 9 | 10-12 || total
-------------------------+-------+-------+-------+-------++-------
Melee: Long sword        |   199 |   124 |   624 |    45 ||   992
 Fire: Blowgun           |       |       |     1 |       ||     1
Throw: Tomahawk          |     7 |     8 |    38 |       ||    53
       Javelin           |       |    10 |   118 |    35 ||   163
Invok: Lesser Healing    |       |     3 |    12 |       ||    15
       Divine Protection |       |       |     2 |       ||     2
       Bend Time         |       |       |       |     1 ||     1
 Abil: Device Recharging |       |       |     4 |     2 ||     6
Evoke: Wand              |     3 |     3 |    16 |     6 ||    28
  Use: Scroll            |     4 |     6 |    12 |     1 ||    23
       Potion            |       |     2 |    12 |       ||    14
  Eat: Fruit             |     2 |     2 |     3 |       ||     7
       Beef jerky        |     1 |       |     1 |       ||     2
       Chunk             |       |     1 |     3 |       ||     4
       Meat ration       |       |       |     1 |     1 ||     2
       Bread ration      |       |       |     1 |     1 ||     2
       Pizza             |       |       |       |     1 ||     1
